Map: Frozen Temple

Players

ASB - Winner!

  • Race: Terran Terran
  • League: Master

StormHead

  • Race: Protoss Protoss
  • League: Master

VOD

Have the link to the VOD?

Description

Time

  • Played on: Oct. 24, 2016, 8:04 a.m.
  • Length: 10:26
Show
View Real Time Build Order
Export as new Build Order

ASB Terran - Winner!

Build Orders: MMM Bio 

Get SALT Encoding   

  12  0:02  SCV  
  13  0:14  SCV  
  13  0:18  Supply Depot  
  14  0:26  SCV  
  15  0:40  SCV  
  15  0:41  Barracks  
  16  0:46  Refinery  
  16  0:52  SCV  
  17  1:04  SCV  
  18  1:16  SCV  
  19  1:29  Orbital Command  
  19  1:36  Barracks Reactor  
  19  1:46  Command Center, Unknown  
  19  1:56  SCV  
  19  2:00  Supply Depot  
  20  2:08  SCV  
  20  2:13  Marine x2  
  23  2:21  SCV  
  24  2:25  Factory  
  24  2:33  SCV, Marine x2  
  27  2:37  Refinery  
  27  2:46  SCV  
  27  2:51  Marine x2  
  28  2:58  SCV, Unknown  
  31  2:59  Orbital Command  
  31  3:10  SCV  
  31  3:12  Marine x2  
  32  3:13  Widow Mine  
  32  3:15  Starport  
  36  3:22  SCV  
  37  3:27  SCV  
  37  3:30  Supply Depot  
  38  3:34  SCV  
  38  3:35  Marine x2  
  38  3:39  SCV  
  42  3:44  Factory Tech Lab  
  42  3:46  SCV  
  43  3:51  SCV  
  43  3:54  Medivac  
  46  3:58  SCV  
  46  4:02  Supply Depot, Engineering Bay  
  47  4:03  SCV  
  47  4:04  Marine x2  
  47  4:06  Siege Tank  
  47  4:07  Liberator  
  53  4:10  SCV  
  54  4:23  SCV  
  58  4:34  Marine x2  
  60  4:38  Barracks  
  60  4:40  Missile Turret, Barracks  
  60  4:46  SCV x2  
  60  4:49  Refinery  
  60  4:52  Supply Depot  
  62  4:54  Siege Tank  
  64  5:13  Marine x2  
  66  5:15  SCV  
  66  5:16  SCV  
  68  5:26  Siege Tank  
  68  5:27  Barracks Tech Lab x2  
  68  5:28  SCV  
  72  5:30  Supply Depot  
  72  5:31  Terran Infantry Weapons Level 1  
  72  5:33  Supply Depot  
  72  5:35  SCV, Command Center, Unknown  
  73  5:40  SCV, Missile Turret  
  74  5:45  Missile Turret  
  74  5:46  Marauder  
  74  5:47  Stimpack  
  74  5:49  SCV  
  78  5:57  SCV  
  78  6:06  Marine  
  78  6:07  Marauder  
  81  6:12  SCV x2  
  82  6:29  Marauder x2  
  82  6:34  Viking, Combat Shields  
  77  6:47  Unknown  
  75  6:50  Marauder  
  75  6:53  Orbital Command  
  77  6:56  Marine x2  
  77  6:57  Siege Tank  
  82  7:03  SCV x2  
  82  7:05  Starport Reactor  
  82  7:07  Marauder  
  86  7:12  Barracks  
  86  7:13  Barracks  
  86  7:17  Supply Depot  
  86  7:18  Orbital Command  
  86  7:23  Marine x2  
  86  7:24  Marauder  
  86  7:29  Missile Turret  
  90  7:33  Missile Turret, Terran Infantry Armor Level 1  
  90  7:36  Marine  
  91  7:37  Missile Turret x2  
  91  7:41  Marine  
  91  7:43  SCV x2  
  94  7:46  Missile Turret x2  
  94  7:47  Marine  
  92  7:52  SCV  
  92  7:53  Marauder, Medivac  
  92  7:55  SCV  
  92  7:57  Medivac  
  100  8:04  Barracks Reactor  
  100  8:05  Marine  
  101  8:11  Refinery  
  101  8:14  SCV x2, Armory  
  101  8:15  SCV  
  101  8:16  Supply Depot, Marine x3  
  105  8:26  Missile Turret, SCV x2  
  107  8:31  Marine  
  107  8:32  Marauder, Supply Depot  
  107  8:33  Medivac x2  
  114  8:42  Marine x3  
  114  8:43  Marauder  
  114  8:44  SCV x3  
  114  8:46  Refinery  
  122  8:51  Supply Depot  
  122  8:52  Supply Depot  
  122  8:59  Marine  
  122  9:00  Marauder  
  125  9:04  Engineering Bay  
  125  9:05  SCV  
  125  9:06  SCV x2  
  128  9:18  SCV  
  128  9:19  Marine x3  
  128  9:20  Marauder, Marine  
  128  9:21  SCV x2  
  128  9:23  Medivac x2  
  141  9:28  Factory Reactor  
  141  9:30  Marauder, Barracks, Starport  
  141  9:31  Marauder, Barracks  
  145  9:34  Supply Depot  
  145  9:37  Marine x2, Refinery  
  147  9:43  Supply Depot, Marine x2  
  147  9:45  Supply Depot  
  149  9:48  Marine  
  149  9:52  Marauder  
  142  10:06  Marine x4  
Show
View Real Time Build Order
Export as new Build Order

StormHead Protoss 

Build Orders: 1 Gate Expand 

Get SALT Encoding   

  12  0:01  Probe (Chrono Boost)  
  13  0:12  Probe (Chrono Boost)  
  14  0:18  Pylon  
  14  0:22  Probe (Chrono Boost)  
  15  0:36  Probe (Chrono Boost)  
  15  0:38  Gateway  
  16  0:47  Probe (Chrono Boost)  
  16  0:48  Assimilator  
  17  0:57  Probe (Chrono Boost)  
  18  1:08  Probe (Chrono Boost)  
  20  1:18  Probe (Chrono Boost)  
  20  1:25  Nexus, Unknown  
  21  1:36  Cybernetics Core  
  21  1:38  Probe (Chrono Boost)  
  21  1:41  Assimilator  
  20  1:49  Probe (Chrono Boost)  
  20  1:54  Pylon  
  21  2:00  Probe (Chrono Boost)  
  22  2:12  Stalker  
  24  2:17  Mothership Core (Chrono Boost)  
  26  2:26  Pylon  
  26  2:29  Warp Gate  
  26  2:35  Probe (Chrono Boost)  
  26  2:37  Unknown  
  27  2:40  Probe (Chrono Boost)  
  28  2:46  Probe (Chrono Boost)  
  28  2:48  Stalker  
  32  2:51  Probe (Chrono Boost)  
  32  2:56  Probe (Chrono Boost)  
  33  3:01  Robotics Facility  
  33  3:02  Probe (Chrono Boost)  
  34  3:07  Probe (Chrono Boost)  
  34  3:12  Probe (Chrono Boost)  
  36  3:18  Probe (Chrono Boost)  
  36  3:19  Pylon  
  37  3:23  Probe (Chrono Boost)  
  38  3:31  Probe (Chrono Boost), Twilight Council  
  38  3:33  Probe (Chrono Boost)  
  40  3:36  Forge  
  41  3:41  Probe (Chrono Boost)  
  41  3:44  Probe (Chrono Boost)  
  42  3:52  Probe (Chrono Boost), Pylon  
  42  3:54  Probe (Chrono Boost), Resonating Glaives  
  44  3:57  Observer  
  44  4:00  Protoss Ground Weapons Level 1  
  45  4:04  Probe (Chrono Boost), Pylon  
  45  4:06  Gateway  
  46  4:18  Observer  
  46  4:24  Gateway x2  
  47  4:35  Assimilator  
  47  4:37  Probe x2 (Chrono Boost), Assimilator  
  47  4:38  Stalker  
  51  4:42  Warp Prism  
  53  5:02  Adept  
  55  5:22  Probe x2 (Chrono Boost)  
  55  5:24  Adept x3  
  61  5:35  Immortal  
  65  5:37  Robotics Bay  
  65  5:40  Probe (Chrono Boost), Gateway x2  
  65  5:41  Probe (Chrono Boost)  
  65  5:42  Pylon  
  67  5:44  Gateway  
  67  5:47  Gateway  
  67  5:51  Pylon  
  67  5:53  Probe x2 (Chrono Boost)  
  69  6:02  Stalker x2  
  71  6:05  Probe (Chrono Boost)  
  67  6:21  Adept  
  64  6:28  Adept x2  
  67  6:35  Disruptor  
  60  6:48  Stalker  
  57  7:08  Photon Cannon  
  57  7:12  Pylon  
  56  7:35  Stalker x2  
  56  7:36  Stalker  
  60  7:56  Probe (Chrono Boost)  
  58  8:11  Probe x2 (Chrono Boost)  
  60  8:17  Adept  
  60  8:19  Nexus, Unknown  
  62  8:21  Pylon  
  62  8:23  Pylon  
  62  8:25  Templar Archives  
  62  8:36  Disruptor  
  65  8:43  Probe x2 (Chrono Boost)  
  67  8:48  Adept  
  67  8:49  Adept x2  
  67  8:53  Probe (Chrono Boost)  
  74  9:03  Probe (Chrono Boost)  
  74  9:04  Probe (Chrono Boost)  
  74  9:05  High Templar x2  
  74  9:06  High Templar x2  
  84  9:10  Archon  
  84  9:11  Archon  
  84  9:12  Observer  
  85  9:23  Probe (Chrono Boost), Assimilator  
  85  9:24  Probe (Chrono Boost)  
  87  9:25  Assimilator  
  87  9:28  Adept x2  
  87  9:30  Unknown  
  91  9:34  Observer  
  92  9:39  Probe x2 (Chrono Boost)  
  92  9:40  Probe (Chrono Boost)  
  92  9:43  Pylon  
  95  9:49  Pylon  
  95  9:50  Pylon  
  95  9:52  Probe (Chrono Boost)  
  70  10:07  Adept x6  
  70  10:08  Adept  
Tags
 
Add a new tag
Caveats
  • Supply blocks, unpowered buildings, or Contaminate may cause inaccurate times.
  • Supply counts are checked every 10 seconds.